 Dungeon Crawl Stone Soup version 0.27-a0-1442-g87b6fcb595 (webtiles) character file.

Game seed: 2432877647735088953

365 funkygono the Shield-Bearer (level 6, 0/53 HPs)
             Began as a Gnoll Fighter on July 4, 2021.
             Was an Initiate of Okawaru.
             Slain by a steam dragon (9 damage)
             ... on level 4 of the Dungeon.
             The game lasted 00:06:02 (4119 turns).

funkygono the Shield-Bearer (Gnoll Fighter)         Turns: 4119, Time: 00:06:04

Health: 0/53       AC: 11    Str: 22    XL:     6   Next: 68%
Magic:  9/9        EV:  9    Int:  9    God:    Okawaru [......]
Gold:   140        SH: 11    Dex: 11    Spells: 9/9 levels left

rFire    . . .     SeeInvis .   v - +0 whip (venom)
rCold    . . .     Faith    .   c - +1 kite shield
rNeg     + . .     Spirit   .   b - +0 scale mail
rPois    .         Reflect  .   (no helmet)
rElec    .         Harm     .   s - +1 cloak
rCorr    .         Rampage  .   q - +0 pair of gloves
Will     .....                  (no boots)
Stlth    ..........             (no amulet)
HPRegen  0.17/turn              x - ring of positive energy
MPRegen  0.11/turn              h - +6 ring of strength

@: no status effects
A: fangs 1, strong nose, distributed training
a: Renounce Religion


You were on level 4 of the Dungeon.
You worshipped Okawaru.
Okawaru was noncommittal.
You visited 2 branches of the dungeon, and saw 5 of its levels.

You collected 140 gold pieces.

Inventory:

Hand Weapons
 a - a +0 long sword
 l - a +2 short sword of electrocution
 o - a +0 shortbow
 r - a +2 quarterstaff of chaos
 v - a +0 whip of venom (weapon)
Missiles
 j - 2 boomerangs of dispersal (quivered)
 n - 2 throwing nets
 p - 46 arrows
Armour
 b - a +0 scale mail (worn)
 c - a +1 kite shield (worn)
 i - a +0 chain mail
 q - a +0 pair of gloves (worn)
 s - a +1 cloak (worn)
Jewellery
 g - a ring of wizardry
 h - a +6 ring of strength (right hand)
 k - a +6 ring of intelligence
 u - a +6 ring of dexterity
 x - a ring of positive energy (left hand)
Scrolls
 e - a scroll of identify
 y - a scroll of amnesia {unknown}
 z - a scroll of fear
Potions
 d - 2 potions of might
 f - 2 potions of curing
 m - a potion of lignification
 t - a potion of berserk rage
 w - a potion of cancellation


   Skills:
 + Level 6.9 Fighting
 + Level 2.1 Short Blades
 + Level 5.0 Long Blades
 + Level 2.1 Axes
 + Level 2.1 Maces & Flails
 + Level 2.1 Polearms
 + Level 2.1 Staves
 + Level 2.1 Slings
 + Level 2.1 Bows
 + Level 2.1 Crossbows
 + Level 2.1 Throwing
 + Level 6.9 Armour
 + Level 2.1 Dodging
 + Level 2.1 Stealth
 + Level 6.9 Shields
 + Level 2.1 Unarmed Combat
 + Level 2.1 Spellcasting
 + Level 1.6 Conjurations
 + Level 1.6 Hexes
 + Level 1.6 Summonings
 + Level 1.6 Necromancy
 + Level 1.6 Translocations
 + Level 1.6 Transmutations
 + Level 1.6 Fire Magic
 + Level 1.6 Ice Magic
 + Level 1.6 Air Magic
 + Level 1.6 Earth Magic
 + Level 1.6 Poison Magic
 + Level 2.3 Invocations
 + Level 2.1 Evocations


You had 9 spell levels left.
You didn't know any spells.
Your spell library was empty.

Dungeon Overview and Level Annotations

Branches:
Dungeon (4/15)             Temple (1/1) D:4

Altars:
Ashenzari
Cheibriados
Dithmenos
Gozag
Hepliaklqana
Kikubaaqudgha
Makhleb
Nemelex Xobeh
Okawaru
Qazlal
Ru
Sif Muna
Trog
Uskayaw
Vehumet
Yredelemnul


Innate Abilities, Weirdness & Mutations

You have very sharp teeth.
Your uncanny sense of smell can sniff out nearby items.
Your experience applies equally to all skills.


Message History

You block the steam dragon's attack. x2
You hit the steam dragon.
The steam dragon is poisoned.
Your bite misses the steam dragon.
The steam dragon is lightly wounded.
The steam dragon breathes steam at you. The ball of steam hits you!
You barely miss the steam dragon.
The steam dragon is lightly wounded.
You are engulfed in a cloud of scalding steam.
The steam dragon bites you but does no damage.
You block the steam dragon's attack.
You hit the steam dragon but do no damage.
The steam dragon looks as sick as possible!
The steam dragon is lightly wounded.
You are engulfed in a cloud of scalding steam.
The steam dragon barely misses you.
The steam dragon claws you but does no damage.
You are engulfed in a cloud of scalding steam.
The steam dragon closely misses you.
The steam dragon claws you but does no damage.
You hit the steam dragon but do no damage.
The steam dragon is moderately wounded.
You are engulfed in a cloud of scalding steam.
The steam dragon closely misses you. x2
You hit the steam dragon but do no damage.
The steam dragon looks as sick as possible!
You bite the steam dragon, but do no damage.
The steam dragon is moderately wounded.
You block the steam dragon's attack.
The steam dragon claws you but does no damage.
The steam dragon breathes steam at you. The ball of steam hits you!
* * * LOW HITPOINT WARNING * * *
You hit the steam dragon.
You bite the steam dragon, but do no damage.
The steam dragon is heavily wounded.
You are engulfed in a cloud of scalding steam.
* * * LOW HITPOINT WARNING * * *
You block the steam dragon's attack. x2; The steam dragon bites you!
You die...

...................##
...............##<##.
...........##.#...##
#......#.....###...#
##............###.... .
..............#..... ...
#...............#..
.....#...§§........###.#
#..D@§.§.....#..###..
#......§#.....###.....#
.......#..#..........#...
.....####.......>..^###..
......##.....##......##..
...# ......###...#.......
... #.....###..###....#.
##...........#.......
.....#...............


You could see a steam dragon (extremely poisoned).

Vanquished Creatures
  A jelly (D:4)
  Crazy Yiuf (D:3)
  A hound (D:4)
  A bullfrog skeleton (D:3)
  Terence (D:3)
  2 iguanas (D:4)
  An orc wizard (D:3)
  2 adders (D:4)
  An ufetubus (D:4)
  A worm (D:2)
  4 dart slugs
  9 orcs
  3 endoplasms
  5 giant cockroaches
  5 goblins
  7 hobgoblins
  26 jackals
  7 kobolds
  3 quokkas
  3 ball pythons
  8 bats
  3 frilled lizards
  5 rats
100 creatures vanquished.

Notes
Turn   | Place    | Note
-------+----------+-------------------------------------------
     0 | D:1      | funkygono the Gnoll Fighter began the quest for the Orb.
     0 | D:1      | Reached XP level 1. HP: 23/23 MP: 1/1
   226 | D:1      | Reached XP level 2. HP: 23/29 MP: 2/2
   632 | D:1      | Reached XP level 3. HP: 35/35 MP: 3/3
  1556 | D:2      | Reached skill level 1 in Invocations
  1908 | D:2      | Reached skill level 1 in Short Blades
  1908 | D:2      | Reached skill level 1 in Axes
  1908 | D:2      | Reached skill level 1 in Maces & Flails
  1908 | D:2      | Reached skill level 1 in Polearms
  1908 | D:2      | Reached skill level 1 in Staves
  1908 | D:2      | Reached skill level 1 in Slings
  1908 | D:2      | Reached skill level 1 in Bows
  1908 | D:2      | Reached skill level 1 in Crossbows
  1908 | D:2      | Reached skill level 1 in Throwing
  1908 | D:2      | Reached skill level 1 in Dodging
  1908 | D:2      | Reached skill level 1 in Stealth
  1908 | D:2      | Reached skill level 1 in Unarmed Combat
  1908 | D:2      | Reached skill level 1 in Spellcasting
  1908 | D:2      | Reached skill level 1 in Evocations
  2203 | D:2      | Reached XP level 4. HP: 41/41 MP: 5/5
  2740 | D:3      | Reached skill level 1 in Conjurations
  2740 | D:3      | Reached skill level 1 in Hexes
  2740 | D:3      | Reached skill level 1 in Summonings
  2740 | D:3      | Reached skill level 1 in Necromancy
  2740 | D:3      | Reached skill level 1 in Translocations
  2740 | D:3      | Reached skill level 1 in Transmutations
  2740 | D:3      | Reached skill level 1 in Fire Magic
  2740 | D:3      | Reached skill level 1 in Ice Magic
  2740 | D:3      | Reached skill level 1 in Air Magic
  2740 | D:3      | Reached skill level 1 in Earth Magic
  2740 | D:3      | Reached skill level 1 in Poison Magic
  2839 | D:3      | Found a radiant altar of Vehumet.
  3024 | D:3      | Found a runed translucent door.
  3025 | D:3      | Noticed Crazy Yiuf
  3032 | D:3      | Killed Crazy Yiuf
  3033 | D:3      | Reached XP level 5. HP: 46/47 MP: 5/7
  3115 | D:3      | Noticed Terence
  3128 | D:3      | Killed Terence
  3203 | D:3      | Found a hide-covered altar of Uskayaw.
  3520 | D:4      | Reached XP level 6. HP: 41/53 MP: 8/8
  3737 | D:4      | Reached skill level 5 in Long Blades
  3877 | D:4      | Found a staircase to the Ecumenical Temple.
  3891 | Temple   | Entered the Ecumenical Temple
  3940 | Temple   | Became a worshipper of Warmaster Okawaru
  4108 | D:4      | Noticed a steam dragon
  4119 | D:4      | Slain by a steam dragon

Illustrated notes

Levels and vault maps discovered:
D:1:      dpeg_chamrin_arrival_tetris, layout_basic, roderic_serpentine_path
D:2:      layout_loops_corners, minmay_pentomino_u4
D:3:      layout_loops_ring, nicolae_overflow_crystal_walls,
          eat_drink_and_be_merry_uskayaw, grunt_decor_arrowhead, uniq_terence,
          uniq_crazy_yiuf_cottage
D:4:      layout_cave_pools, temple_green, minmay_cupped
Temple:   zaba_magenta_temple

Skill      XL: |  1  2  3  4  5  6 |
---------------+-------------------+-----
Invocations    | 1 2 |  2.3
Short Blades   | 1 2 |  2.1
Axes           | 1 2 |  2.1
Maces & Flails | 1 2 |  2.1
Polearms       | 1 2 |  2.1
Staves         | 1 2 |  2.1
Slings         | 1 2 |  2.1
Bows           | 1 2 |  2.1
Crossbows      | 1 2 |  2.1
Throwing       | 1 2 |  2.1
Dodging        | 1 2 |  2.1
Stealth        | 1 2 |  2.1
Unarmed Combat | 1 2 |  2.1
Spellcasting   | 1 2 |  2.1
Evocations     | 1 2 |  2.1
Conjurations   | 1 |  1.6
Hexes          | 1 |  1.6
Summonings     | 1 |  1.6
Necromancy     | 1 |  1.6
Translocations | 1 |  1.6
Transmutations | 1 |  1.6
Fire Magic     | 1 |  1.6
Ice Magic      | 1 |  1.6
Air Magic      | 1 |  1.6
Earth Magic    | 1 |  1.6
Poison Magic   | 1 |  1.6
Long Blades    | 5 |  5.0
Fighting       | |  6.9
Armour         | |  6.9
Shields        | |  6.9

Action                   |  1- 3 |  4- 6 || total
-------------------------+-------+-------++-------
Melee: Long sword        |    70 |       ||    70
       Bite              |    10 |    19 ||    29
       Short sword       |    32 |    59 ||    91
       Whip              |       |   121 ||   121
Throw: Boomerang         |     1 |       ||     1
  Use: Scroll            |     2 |     9 ||    11
Armor: Scale mail        |    41 |    63 ||   104
Dodge: Dodged            |    29 |    53 ||    82
Block: Kite shield       |    71 |   129 ||   200
       Rpst.: Long sword |     3 |       ||     3

Table legend: (Time is in decaauts)
 A = Elapsed time spent in this place.
 B = Non-inter-level travel time spent in this place.
 C = Inter-level travel time spent in this place.
 D = Time resting spent in this place.
 E = Time spent auto-exploring this place.
 F = Levels seen in this place.
 G = Mean time per level.
                   A        B        C        D        E       F      G
               +--------+--------+--------+--------+--------+-----+--------+
         Total |   4181 |   3892 |    289 |     39 |   3083 |   5 |  836.2 |
       Dungeon |   4104 |   3835 |    269 |     39 |   3031 |   4 | 1026.0 |
        Temple |     76 |     56 |     20 |      0 |     52 |   1 |   76.0 |
               +--------+--------+--------+--------+--------+-----+--------+

Top non-repeatable levels by time:
     D:1: 1615 daAuts
     D:2: 1055 daAuts
     D:3: 885 daAuts
     D:4: 548 daAuts
  Temple: 76 daAuts
